 Dungeon Crawl Stone Soup version 0.32-a0-975-g85d4e5bfdb (webtiles) character file.

Game seed: 6846782868361616341

268 Biggs the Ruffian (level 6, -1/59 HPs)
             Began as a Troll Fighter on Apr 18, 2024.
             Slain by an ogre
             ... wielding a +0 giant club
              (21 damage)
             ... on level 5 of the Dungeon.
             The game lasted 00:06:44 (1578 turns).

Biggs the Ruffian (Troll Fighter)                   Turns: 1578, Time: 00:06:44

Health: -1/59      AC:  5    Str: 27    XL:     6   Next: 1%
Magic:  5/5        EV:  8    Int:  4    God:
Gold:   262        SH: 12    Dex:  9    Spells: 5/5 levels left

rFire   . .          .
                       - Unarmed
rCold   . . .        b - +0 kite shield
rNeg    . . .        a - +0 robe
rPois   .            (helmet restricted)
rElec   .            h - +0 cloak
rCorr   .            (gloves unavailable)
SInv    .            (boots unavailable)
Will    .....        i - amulet of reflection
Stlth   +            (no ring)
HPRegen 1.09/turn    (no ring)
MPRegen 0.09/turn

%: reflection
@: no status effects
A: large, unfitting armour, claws 3, regeneration 1, shaggy fur 1, tough skin 1
a: no special abilities


You were on level 5 of the Dungeon.
You visited 1 branch of the dungeon, and saw 5 of its levels.

You collected 262 gold pieces.

Inventory:

Missiles
 d - a throwing net (quivered)
Armour
 a - a +0 robe (worn)
 b - a +0 kite shield (worn)
 h - a +0 cloak (worn)
Jewellery
 i - an amulet of reflection (around neck)
 o - the amulet of the Wicked Breadfruit {rElec rF- Regen+ Str+4}
   (You found it on level 3 of the Dungeon)

   [amulet of regeneration]

   Str+4:     It affects your strength (+4).
   rF-:       It makes you vulnerable to fire.
   rElec:     It insulates you from electricity.
   Regen+:    It increases your rate of health regeneration.
 q - a +6 ring of intelligence
 t - a ring of poison resistance
Wands
 p - a wand of digging (6)
Scrolls
 f - 4 scrolls of identify {unknown}
 j - a scroll of torment {unknown}
 l - 3 scrolls of teleportation {unknown}
 m - a scroll of enchant armour {unknown}
 r - a scroll of amnesia {unknown}
Potions
 c - a potion of might
 e - 2 potions of heal wounds {unknown}
 g - a potion of lignification {unknown}
 k - a potion of brilliance {unknown}
 n - 2 potions of degeneration {unknown}
 s - a potion of curing {unknown}


   Skills:
 - Level 2.4 Fighting
 - Level 2.4 Dodging
 - Level 2.6 Shields
 + Level 6.3 Unarmed Combat


You had 5 spell levels left.
You didn't know any spells.
Your spell library was empty.

Dungeon Overview and Level Annotations

Branches:
Dungeon (5/15)
 Temple: D:4-7

Altars:
Makhleb
Ru
Uskayaw


Innate Abilities, Weirdness & Mutations

You are too large for most types of armour.
You have claws for hands.
Your natural rate of healing is unusually fast.
You are covered in fur. (AC +1)
You have tough skin. (AC +1)


Message History

There is a stone staircase leading down here.
You completely miss the jackal. You block the jackal's attack.
You claw the jackal!
You kill the jackal!
You have reached level 6!
You feel stronger.
You claw the jackal!
You kill the jackal!
The jackal bites you.
You mangle the jackal!!
You kill the jackal!
There is a stone staircase leading down here.
You climb downwards.
The ufetubus shouts!
You hear an angry hiss. x2
Found 11 gold pieces, a crooked brass wand, 9 stones and a robe.
Found a stone staircase leading up and a stone staircase leading down.
There is a stone staircase leading up here.
An adder comes into view.
You scratch the ogre but do no damage. The ogre barely misses you.
An ufetubus comes into view.
The ufetubus shouts!
You scratch the ogre but do no damage.
An adder comes into view.
You scratch the ogre.
The ogre is moderately wounded.
You block the ufetubus's attack. x2; You block the ogre's attack.
The ufetubus hits you but does no damage. x2
You scratch the ogre.
The ogre is moderately wounded.
The ufetubus slips past you! The ufetubus hits you. x2
The ogre hits you with a +0 giant club!!
Ouch! That really hurt!
You completely miss the ogre.
The ogre is moderately wounded.
The ufetubus hits you. You block the ufetubus's attack.
You scratch the ogre but do no damage.
The ogre is moderately wounded.
You block the ufetubus's attack. The ufetubus barely misses you. x3
The ogre hits you with a +0 giant club!!
You die...

#..> ... . ..
..###.# # ###
.......##.#.[..
...(....#......
........O......
......5@.S....$
../....S5......
..<............
.....(.........
.........#.....
...............
.........# ....
.........# ....


You could see an ogre, 2 adders and 2 ufetubi.

Vanquished Creatures
  An orc priest (D:3)
  A gnoll bouda (D:4)
  Jessica (D:3)
  An iguana (D:4)
  An orc wizard (D:3)
  Terence (D:3)
  3 gnolls (D:4)
  A white imp (D:4)
  A dart slug (D:3)
  10 orcs
  7 ball pythons
  4 bats (D:1)
  7 endoplasms
  3 giant cockroaches
  2 goblins (D:1)
  6 hobgoblins
  3 jackals (D:4)
  4 quokkas
  2 frilled lizards
  3 kobolds
  4 rats
66 creatures vanquished.

Notes
Turn   | Place    | Note
-------+----------+-------------------------------------------
     0 | D:1      | Biggs the Troll Fighter began the quest for the Orb.
     0 | D:1      | Reached XP level 1. HP: 22/22 MP: 0/0
   122 | D:1      | Reached XP level 2. HP: 27/29 MP: 1/1
   135 | D:1      | Reached skill level 3 in Unarmed Combat
   513 | D:2      | Reached XP level 3. HP: 36/36 MP: 2/2
   594 | D:2      | You fall into a shaft and drop 2 floors!
   680 | D:3      | Reached skill level 4 in Unarmed Combat
   688 | D:3      | Reached XP level 4. HP: 18/44 MP: 3/3
   734 | D:3      | Noticed Terence
   738 | D:3      | Killed Terence
   739 | D:3      | Reached skill level 5 in Unarmed Combat
   748 | D:3      | Noticed Jessica
   755 | D:3      | Killed Jessica
   756 | D:3      | Reached XP level 5. HP: 50/50 MP: 4/4
   762 | D:3      | Identified the amulet of the Wicked Breadfruit {rElec rF-
                  | Regen+ Str+4}
   848 | D:3      | Found a burning altar of Makhleb.
   995 | D:3      | Found a sacrificial altar of Ru.
  1158 | D:4      | Found a hide-covered altar of Uskayaw.
  1267 | D:4      | Reached skill level 6 in Unarmed Combat
  1554 | D:4      | Reached XP level 6. HP: 59/59 MP: 5/5
  1571 | D:5      | Entered Level 5 of the Dungeon
  1578 | D:5      | Slain by an ogre

Illustrated notes

Levels and vault maps discovered:
D:1:      scummos_arrival_forest, layout_loops_ring,
          nicolae_ecumenical_snake_handling
D:2:      layout_loops_corners, basic_altar, serial_shops, shop, uniq_natasha
D:3:      layout_loops_ring, grunt_temple_overflow_magic_moments,
          nicolae_ru_path_of_blood, lightli_temple_of_fire,
          hangedman_decor_points, uniq_jessica, uniq_terence
D:4:      layout_basic, kennysheep_mini, minmay_gold_behind_fungi
D:5:      layout_rooms, lemuel_coloured_pillars_altar

Skill      XL: |  1  2  3  4  5 |
---------------+----------------+-----
Unarmed Combat | 3 4 5 6 |  6.3
Fighting       | |  2.4
Dodging        | |  2.4
Shields        | |  2.6

Action                     |  1- 3 |  4- 6 || total
---------------------------+-------+-------++-------
  Melee: Unarmed           |    92 |    75 ||   167
   Stab: Sleeping          |       |     1 ||     1
 Armour: Robe              |    50 |    32 ||    82
  Dodge: Dodged            |    22 |    14 ||    36
  Block: Kite shield       |    39 |    38 ||    77
         Reflection        |       |     2 ||     2

Table legend: (Time is in decaauts)
 A = Elapsed time spent in this place.
 B = Non-inter-level travel time spent in this place.
 C = Inter-level travel time spent in this place.
 D = Time resting spent in this place.
 E = Time spent auto-exploring this place.
 F = Levels seen in this place.
 G = Mean time per level.
                   A        B        C        D        E       F      G
               +--------+--------+--------+--------+--------+-----+--------+
         Total |   1584 |   1513 |     71 |      0 |      0 |   5 |  316.8 |
       Dungeon |   1584 |   1513 |     71 |      0 |      0 |   5 |  316.8 |
               +--------+--------+--------+--------+--------+-----+--------+

Top non-repeatable levels by time:
     D:4: 553 daAuts
     D:3: 422 daAuts
     D:1: 310 daAuts
     D:2: 291 daAuts
     D:5: 6 daAuts
